 Dungeon Crawl Stone Soup version 0.18.1-5-g4a78601 (webtiles) character file.

522 namelastname112 the Sneak (level 7, 53/57 HPs)
             Began as a Mottled Draconian Assassin on May 11, 2016.
             Quit the game on level 4 of the Dungeon.
             The game lasted 00:04:42 (2574 turns).

namelastname112 the Sneak (DrAs)                    Turns: 2574, Time: 00:04:43

Health: 53/57      AC:  7    Str: 13    XL:     7   Next: 2%
Magic:  7/7        EV: 13    Int: 12    God:
Gold:   100        SH:  0    Dex: 14    Spells: 0 memorised, 6 levels left

rFire  . . .     SeeInvis .     r - +1 dagger (venom)
rCold  . . .     Gourm    .     (armour unavailable)
rNeg   . . .     Faith    .     (no shield)
rPois  .         Spirit   .     (helmet restricted)
rElec  .         Dismiss  .     c - +0 cloak
rCorr  .         Reflect  .     (no gloves)
SustAt .         Harm     .     (no boots)
MR     .....                    (no amulet)
Stlth  +++.......               (no ring)
                                (no ring)

@: not resistant to hostile enchantments, fairly stealthy
A: breathe sticky flame splash, unfitting armour, cold-blooded, AC +6
a: Breathe Sticky Flame


You were on level 4 of the Dungeon.
You were not hungry.

You visited 1 branch of the dungeon, and saw 4 of its levels.

You collected 100 gold pieces.

Inventory:

Hand Weapons
 b - a +0 blowgun
 r - a +1 dagger of venom (weapon)
Missiles
 d - 22 poisoned needles
 e - 2 curare-tipped needles
Armour
 c - a +0 cloak (worn)
Wands
 s - a wand of digging (1/24)
Scrolls
 h - 4 scrolls of recharging {unknown}
 i - 2 scrolls of identify {unknown}
 j - a scroll of fear {unknown}
 k - 3 scrolls of remove curse {unknown}
 o - a scroll of enchant weapon {unknown}
 t - 2 scrolls of enchant armour {unknown}
Potions
 a - 2 potions of degeneration {unknown}
 l - a potion of lignification {unknown}
 m - a potion of haste {unknown}
 n - a potion of flight {unknown}
 q - a potion of curing {unknown}
 v - 2 potions of cancellation {unknown}
Comestibles
 f - 2 bread rations
 g - 2 meat rations
 p - 4 fruits
 u - 5 chunks of flesh


   Skills:
 + Level 3.5 Fighting
 * Level 4.0 Short Blades
 + Level 3.0 Throwing
 + Level 2.4 Dodging
 * Level 5.7 Stealth


You had 6 spell levels left.
You didn't know any spells.

Dungeon Overview and Level Annotations

Branches:
Dungeon (4/15)
 Temple: D:4-7

Altars:
Pakellas
Ru
The Shining One


Innate Abilities, Weirdness & Mutations

You can spit globs of burning liquid.
You can ignite nearby creatures when you spit burning liquid.
Your weird mottled scales are hard (AC +6).
Your body does not fit into most forms of armour.
You are cold-blooded and may be slowed by cold attacks.


Message History

The orc wizard is heavily wounded.
The orc wizard hits you but does no damage.
The kobold barely misses you.
You hit the orc wizard. You tail-slap the orc wizard.
The orc wizard is almost dead.
You hit the orc wizard.
You kill the orc wizard!
Your Short Blades skill increases to level 4!
You have reached level 7!
Your scales start taking on a weird mottled colour.
You learn Fire Magic quicker.
You can spit globs of burning liquid.
You can ignite nearby creatures when you spit burning liquid.
The kobold completely misses you.
You regained 6 hp, and now have 53/57 hp.
MP restored: 7 You hit the kobold.
The kobold is poisoned.
You tail-slap the kobold, but do no damage.
The kobold is moderately wounded.
You kill the kobold!
Are you sure you want to abandon this character and quit the game? (Confirm with "yes".)

+#######+
#...#.S.#.#
#...#...#.##
#.....@.#..##
###._.###...
#..)....#..# #
#...#...#..#
#.#...#...#..##
#.+#######'...#
##......#†.....#
........<#####.####
.####.....# #.)...#


You could see a ball python (blind).

Vanquished Creatures
  Sigmund (D:2)
  A centaur (D:3)
  A centaur zombie (D:4)
  An orc priest (D:3)
  An orc wizard (D:4)
  Terence (D:2)
  A worker ant (D:4)
  Robin (D:2)
  6 adders
  A worm (D:3)
  2 dart slugs
  9 orcs
  6 bats
  2 giant cockroaches (D:1)
  13 goblins
  6 hobgoblins
  4 ball pythons
  8 giant newts
  3 kobolds
  10 rats
78 creatures vanquished.

Notes
Turn   | Place    | Note
--------------------------------------------------------------
     0 | D:1      | namelastname112 the Draconian Assassin began the quest for the Orb.
     0 | D:1      | Reached XP level 1. HP: 17/17 MP: 1/1
    12 | D:1      | Reached skill level 1 in Dodging
    99 | D:1      | Reached XP level 2. HP: 20/24 MP: 2/2
   100 | D:1      | jacquesderrida: ТЫ ЧЕ НАМИР ТЫ ЧЕ!
   100 | D:1      | namelastname112: https://www.youtube.com/watch?v=BIYvlK82AOg
   121 | D:1      | Reached skill level 4 in Stealth
   715 | D:2      | Found a glowing golden altar of the Shining One.
   745 | D:2      | Reached XP level 3. HP: 27/30 MP: 3/3
   756 | D:2      | Noticed Robin
   777 | D:2      | Killed Robin
  1008 | D:2      | Reached XP level 4. HP: 37/37 MP: 4/4
  1072 | D:2      | Noticed Sigmund
  1348 | D:2      | Killed Sigmund
  1348 | D:2      | Reached skill level 5 in Stealth
  1348 | D:2      | Reached XP level 5. HP: 33/45 MP: 5/5
  1381 | D:2      | Noticed Terence
  1397 | D:2      | Killed Terence
  1398 | D:2      | Reached XP level 6. HP: 29/51 MP: 6/6
  1839 | D:3      | Found an oddly glowing altar of Pakellas.
  2560 | D:4      | Found a sacrificial altar of Ru.
  2570 | D:4      | Your scales start taking on a weird mottled colour.
  2570 | D:4      | Reached XP level 7. HP: 53/57 MP: 7/7
  2574 | D:4      | Quit the game

Skill      XL: |  1  2  3  4  5  6 |
---------------+-------------------+-----
Dodging        | 1 2 |  2.4
Stealth        | 4 5 |  5.7
Throwing       | 2 3 |  3.0
Fighting       | 3 |  3.5
Short Blades   | 3 4 |  4.0

Action                   |  1- 3 |  4- 6 |  7- 9 || total
-------------------------+-------+-------+-------++-------
Melee: Dagger            |    93 |   148 |     1 ||   242
       Tailslap          |     8 |    21 |     1 ||    30
 Fire: Blowgun           |       |     7 |       ||     7
 Stab: Sleeping          |     6 |     7 |       ||    13
  Eat: Chunk             |       |     5 |       ||     5
Armor: Skin              |    32 |    37 |       ||    69
Dodge: Dodged            |    53 |    83 |     1 ||   137
